 Dungeon Crawl Stone Soup version 0.31-a0-1321-g5021b54cb2 (webtiles) character file.

Game seed: 6517744244754389526

1502 pokeman the Thaumaturge (level 8, -1/43 (44) HPs)
             Began as a Deep Elf Hedge Wizard on Dec 20, 2023.
             Slain by a wight
             ... wielding a +2 hand axe
              (5 damage)
             ... on level 7 of the Dungeon.
             The game lasted 00:19:26 (8165 turns).

pokeman the Thaumaturge (Deep Elf Hedge Wizard)     Turns: 8165, Time: 00:19:26

HP:   -1/43 (44)    AC:  4    Str:  7    XL:     8   Next: 52%
MP:   16/24         EV: 14    Int: 19    God:
Gold: 333           SH:  0    Dex: 22    Spells: 20/28 levels left

rFire   + . .        x - +6 mace of Wisdom {flame, *Rage Int-3 Dex+8 SInv}
rCold   . . .        (no shield)
rNeg    . . .        i - +2 robe {rF+}
rPois   .            c - +0 hat
rElec   .            (no cloak)
rCorr   .            (no gloves)
SInv    +            (no boots)
Will    .....        (no amulet)
Stlth   +++          q - ring of flight
HPRegen 0.27/turn    (no ring)
MPRegen 0.19/turn

%: random rage (20%)
@: on berserk cooldown, on blink cooldown, flying, slowed, lightly drained, very
slow
A: no striking features
a: no special abilities


You were on level 7 of the Dungeon.
You visited 2 branches of the dungeon, and saw 8 of its levels.
You also visited: Sewer.

You collected 333 gold pieces.

Inventory:

Hand Weapons
 x - the +6 mace of Wisdom (weapon) {flame, *Rage Int-3 Dex+8 SInv}
   (You found it on level 5 of the Dungeon)

   Int-3:     It affects your intelligence (-3).
   Dex+8:     It affects your dexterity (+8).
   SInv:      It lets you see invisible.
   *Rage:     It berserks you when you make melee attacks (+20% chance).
Missiles
 s - a throwing net
 B - 2 curare-tipped darts
Armour
 c - a +0 hat (worn)
 i - a +2 robe of fire resistance (worn)
 y - the +0 scale mail of Eternity {+Inv rC+ Regen+ Dex+4}
   (You found it on level 5 of the Dungeon)

   Dex+4:     It affects your dexterity (+4).
   rC+:       It protects you from cold.
   +Inv:      It lets you turn invisible.
   Regen+:    It increases your rate of health regeneration.
Magical Staves
 w - a staff of conjuration
Jewellery
 q - a ring of flight (left hand)
Wands
 f - a wand of roots (7)
 A - a wand of mindburst (12)
Scrolls
 b - a scroll of fog {unknown}
 g - 9 scrolls of teleportation {unknown}
 h - 3 scrolls of immolation {unknown}
 j - 5 scrolls of fear {unknown}
 k - 8 scrolls of identify {unknown}
 l - 3 scrolls of blinking {unknown}
 n - 3 scrolls of poison {unknown}
 u - a scroll of revelation {unknown}
 v - a scroll of amnesia {unknown}
 C - a scroll of enchant armour {unknown}
Potions
 a - 2 potions of ambrosia {unknown}
 d - 2 potions of magic
 e - 3 potions of heal wounds {unknown}
 m - a potion of lignification {unknown}
 o - 3 potions of might {unknown}
 p - 3 potions of mutation {unknown}
 r - a potion of cancellation {unknown}
 t - a potion of haste {unknown}
 z - a potion of attraction {unknown}
 D - a potion of invisibility {unknown}
 E - a potion of resistance {unknown}


   Skills:
 - Level 2.1 Fighting
 + Level 3.0 Armour
 - Level 3.0 Dodging
 - Level 3.0 Stealth
 * Level 10.5 Spellcasting
 + Level 5.5 Conjurations
 - Level 1.1 Summonings
 - Level 1.1 Translocations
 - Level 1.0 Air Magic
 - Level 1.2 Alchemy
 - Level 1.1 Evocations


You had 20 spell levels left.
You knew the following spells:

 Your Spells              Type           Power      Damage    Failure   Level
a - Magic Dart            Conj           100%       1d8       1%          1
b - Mephitic Cloud        Conj/Alch/Air  19%        N/A       8%          3
c - Call Imp              Summ           28%        N/A       7%          2
d - Blink                 Tloc           28%        N/A       7%          2

Your spell library contained the following spells:

 Spells                   Type           Power      Damage    Failure   Level
 Slow                     Hex            36%        N/A       7%          1
 Cigotuvi's Dreadful Rot  Necr/Alch/Air  24%        N/A       8%          2
 Sublimation of Blood     Necr           9%         N/A       11%         2
 Gell's Gravitas          Tloc           14%        N/A       14%         3
 Teleport Other           Tloc           14%        N/A       14%         3
 Dispersal                Tloc           7%         N/A       100%        6
 Summon Hydra             Summ           7%         N/A       100%        7


Dungeon Overview and Level Annotations

Branches:
Dungeon (7/15)             Temple (1/1) D:5           Sewer (visited)

Altars:
Cheibriados
Dithmenos
Elyvilon
Fedhas
Hepliaklqana
Kikubaaqudgha
Makhleb
Nemelex Xobeh
Okawaru
Qazlal
Ru
Sif Muna
Wu Jian
Xom
Zin
The Shining One

Shops:
D:2 [[(   D:4 =**   D:5 [   D:6 :

Annotations:
D:6 2 transporters, mdonais's ghost, novice OpBr


Message History

The wight hits you with a +4 scimitar!
* * * LOW HITPOINT WARNING * * *
You closely miss the wight.
The wight is severely damaged.
The wight completely misses you.
You hit the wight. You burn the wight.
You destroy the wight!
Your life force feels restored.
You closely miss the wight. Your punch misses the wight.
The wight is moderately damaged.
The wight hits you with a +3 dire flail.
* * * LOW HITPOINT WARNING * * *
You hit the wight. You burn the wight.
The wight is heavily damaged.
The wight hits you with a +3 dire flail.
* * * LOW HITPOINT WARNING * * *
You feel drained.
Unknown command.
Found a crooked smoking staff.
Found 13 gold pieces.
You feel a strong urge to attack something.
You see here a +0 dagger.
You completely miss the wight.
The wight is heavily damaged.
The wight attacks as it pursues you! The wight closely misses you.
You barely miss the wight.
The wight is heavily damaged.
The wight misses you.
You are no longer berserk.
You are exhausted.
You feel yourself slow down.
Casting: Magic Dart (safe; 1% risk of failure)
Confirm with . or Enter, or press ? or * to list all spells.
You blink.
Casting: Blink (safe; 7% risk of failure)
Confirm with . or Enter, or press ? or * to list all spells.
A tiny devil pulls itself out of the air.
The wight hits your cerulean imp with a +3 dire flail.
The wight hits you with a +2 hand axe.
You die...

## .#. #.#.# #.#.#
#.#.### ##
#########..... .. #
...........####.####
.
.(.........5z@.....#
.###.#
###...>z###.##.#
#....# #.....# #
<....#####)....##
##.....)..........
####.#####......#$
.....ยง# #...#..#
####..zz...>.#..# #
#.#####.#......


You could see 2 wights and a friendly cerulean imp (summoned).

Vanquished Creatures
  Edmund (D:4)
  A sky beast (D:6)
  A phantom (D:5)
  5 kobold brigands (Sewer)
  A scorpion (D:5)
  2 wights (D:7)
  A hound (D:4)
  A gnoll bouda (D:5)
  A jelly (D:6)
  2 orc priests
  4 iguanas
  A sleepcap (D:6)
  2 orc wizards
  3 river rats (Sewer)
  12 adders
  10 gnolls
  2 worms (Sewer)
  6 dart slugs
  15 orcs
  12 endoplasms
  2 giant cockroaches
  8 goblins
  12 hobgoblins
  9 kobolds
  4 quokkas
  8 ball pythons
  5 bats
  3 frilled lizards
  13 rats
147 creatures vanquished.

Vanquished Creatures (collateral kills)
  An orc wizard (D:5)
1 creature vanquished.

Grand Total: 148 creatures vanquished

Notes
Turn   | Place    | Note
-------+----------+-------------------------------------------
     0 | D:1      | pokeman the Deep Elf Hedge Wizard began the quest for the
                  | Orb.
     0 | D:1      | Reached XP level 1. HP: 10/10 MP: 7/7
   209 | D:1      | Reached XP level 2. HP: 14/16 MP: 1/9
   579 | D:1      | Reached skill level 5 in Spellcasting
   943 | D:2      | Reached XP level 3. HP: 20/20 MP: 5/11
   947 | D:2      | Learned a level 3 spell: Mephitic Cloud
   950 | D:2      | Learned a level 2 spell: Call Imp
   953 | D:2      | Learned a level 2 spell: Blink
  1379 | D:2      | Reached skill level 1 in Fighting
  1682 | D:2      | Found Nanul's Antique Weapon Shop.
  1711 | D:2      | Found Eddabbith's Armour Emporium.
  1858 | D:2      | Reached skill level 1 in Armour
  2018 | D:2      | Found Filol's Antique Armour Shoppe.
  2203 | D:3      | Reached XP level 4. HP: 25/25 MP: 8/13
  2447 | D:3      | Reached skill level 6 in Spellcasting
  2515 | D:3      | Reached XP level 5. HP: 27/29 MP: 7/15
  2694 | D:3      | Found a faded altar of an unknown god.
  3412 | D:4      | Found Penkimod's One-of-a-Kind Rings.
  3430 | D:4      | Reached skill level 1 in Alchemy
  3586 | D:4      | Reached skill level 1 in Air Magic
  3824 | D:4      | Found Pesk's Specific Store.
  3827 | D:4      | Found Hamaufak's General Store.
  3891 | D:4      | Noticed Edmund
  3925 | D:4      | HP: 1/29 [Edmund/+0 heavy flail (11)]
  4109 | D:4      | Found a white marble altar of Elyvilon.
  4156 | D:4      | Killed Edmund
  4157 | D:4      | Reached skill level 7 in Spellcasting
  4157 | D:4      | Reached XP level 6. HP: 15/34 MP: 6/18
  4535 | D:4      | Found a blossoming altar of Fedhas.
  4596 | D:4      | Identified the flux talisman of the Miller {Str+2 Dex+3}
  4699 | D:5      | Entered Level 5 of the Dungeon
  4956 | D:5      | Reached skill level 8 in Spellcasting
  4956 | D:5      | Reached XP level 7. HP: 10/40 MP: 8/20
  5093 | D:5      | Found Kyufreumm's Antique Armour Shop.
  5188 | D:5      | Found a glowing golden altar of the Shining One.
  5243 | D:5      | Found an ancient bone altar of Kikubaaqudgha.
  5649 | D:5      | Found a staircase to the Ecumenical Temple.
  5662 | Temple   | Entered the Ecumenical Temple
  5727 | D:5      | Identified the +6 mace of Wisdom {flame, *Rage Int-3 Dex+8
                  | SInv}
  5803 | D:5      | Identified the +0 scale mail of Eternity {+Inv rC+ Regen+
                  | Dex+4}
  6210 | D:6      | Noticed an angel
  6211 | D:6      | Found a glowing silver altar of Zin.
  6213 | D:6      | Found a shimmering altar of Xom.
  6271 | D:6      | Found Moenoame's Book Boutique.
  6283 | D:6      | Found a transporter.
  6283 | D:6      | Noticed mdonais's ghost (novice OpBr)
  6293 | D:6      | Found a transporter.
  6532 | D:6      | Reached skill level 9 in Spellcasting
  6651 | D:6      | Found a glowing drain.
  6656 | Sewer    | Entered a sewer
  6688 | Sewer    | Reached XP level 8. HP: 27/44 MP: 20/23
  7038 | Sewer    | Reached skill level 5 in Conjurations
  7241 | Sewer    | Reached skill level 1 in Evocations
  7440 | Sewer    | Reached skill level 10 in Spellcasting
  7950 | D:6      | Found an ornate altar of the Wu Jian Council.
  7968 | D:6      | Identified the +1 pair of gloves "Elill" {Dex+4}
  8155 | D:7      | HP: 2/66 [wight/+3 dire flail (5)]
  8165 | D:7      | Slain by a wight

Illustrated notes

Levels and vault maps discovered:
D:1:      sevenhm_arrival_forest_fort_small_3, layout_loops_ring,
          serial_bayou_pond_c
D:2:      layout_loops_ring, serial_shops, shop,
          nicolae_shop_temple_entry_statues_fountains,
          nicolae_shop_overgrown_old_shop, wander_ebering_terrifying_dragon_lair
D:3:      minmay_skewed_foursquare, layout_basic, basic_ecumenical_altar
D:4:      layout_basic, marbit_many_paths, fedhas_altar_3, serial_glass,
          glass_columns_a, glass_columns_a, glass_columns_a, glass_columns_c,
          glass_columns_b, glass_columns_c, glass_columns_b, glass_columns_c,
          nicolae_specific_store, nicolae_shop_unique_rings, minivault_14,
          guppyfry_early_lair_pool, uniq_edmund
D:5:      layout_gridville, nicolae_kikubaaqudgha_miasma_corner,
          nicolae_tso_carved_into_rock, temple_hall, nicolae_inconvenience_store
D:6:      layout_loops_ring, grunt_temple_overflow_order_and_chaos_1,
          nicolae_wu_jian_immortal_techniques, portal_sewer_entry_e,
          serial_shops, shop, serial_rivers, chequers_serial_rivers_room_a,
          chequers_serial_rivers_micro_b, chequers_serial_rivers_room_a,
          chequers_serial_rivers_room_a, chequers_serial_rivers_large_b,
          gammafunk_ghost_stat_death
D:7:      layout_loops_ring, tgw_trog
Temple:   hellmonk_temple_rainy

Skill      XL: |  1  2  3  4  5  6  7  8 |
---------------+-------------------------+-----
Spellcasting   | 5 6 7 8 9 10 | 10.5
Fighting       | 1 2 |  2.1
Armour         | 1 2 3 |  3.0
Conjurations   | 2 3 4 5 |  5.5
Dodging        | 3 |  3.0
Stealth        | 3 |  3.0
Alchemy        | 1 |  1.2
Air Magic      | 1 |  1.0
Evocations     | 1 |  1.1
Summonings     | |  1.1
Translocations | |  1.1

Action                     |  1- 3 |  4- 6 |  7- 9 || total
---------------------------+-------+-------+-------++-------
  Melee: Short sword       |    33 |    84 |    46 ||   163
         Mace              |       |       |    50 ||    50
         Punch             |       |       |     3 ||     3
   Cast: Magic Dart        |   100 |   135 |   107 ||   342
         Mephitic Cloud    |       |    10 |    15 ||    25
         Call Imp          |       |     4 |     6 ||    10
         Blink             |       |     2 |     3 ||     5
   Stab: Sleeping          |     1 |     1 |       ||     2
         Confused          |       |     9 |     9 ||    18
 Armour: Robe              |    23 |    69 |    60 ||   152
  Dodge: Dodged            |    33 |    65 |    52 ||   150

Table legend: (Time is in decaauts)
 A = Elapsed time spent in this place.
 B = Non-inter-level travel time spent in this place.
 C = Inter-level travel time spent in this place.
 D = Time resting spent in this place.
 E = Time spent auto-exploring this place.
 F = Levels seen in this place.
 G = Mean time per level.
                   A        B        C        D        E       F      G
               +--------+--------+--------+--------+--------+-----+--------+
         Total |   8216 |   8015 |    201 |    363 |   6034 |   9 |  912.9 |
       Dungeon |   7229 |   7028 |    201 |    337 |   5255 |   7 | 1032.7 |
        Temple |      1 |      1 |      0 |      0 |      0 |   1 |    1.0 |
         Sewer |    986 |    986 |      0 |     26 |    779 |   1 |  986.0 |
               +--------+--------+--------+--------+--------+-----+--------+

Top non-repeatable levels by time:
     D:4: 1569 daAuts
     D:5: 1323 daAuts
     D:3: 1205 daAuts
     D:2: 1167 daAuts
   Sewer: 986 daAuts
     D:6: 950 daAuts
     D:1: 943 daAuts
     D:7: 68 daAuts
  Temple: 1 daAuts
